 Dungeon Crawl Stone Soup version 0.19-a0-2013-g488b080 (webtiles) character file.

16704 Faca the Severer (level 12, -15/111 HPs)
             Began as a Minotaur Berserker on Jan 24, 2017.
             Was a High Priest of Trog.
             Killed from afar by Frances (18 damage)
             ... with an iron shot
             ... on level 12 of the Dungeon.
             The game lasted 00:32:13 (11358 turns).

Faca the Severer (Minotaur Berserker)              Turns: 11358, Time: 00:32:13

Health: -15/111    AC: 18    Str: 26    XL:     12   Next: 12%
Magic:  11/11      EV: 10    Int:  4    God:    Trog [*****.]
Gold:   738        SH:  0    Dex: 13    Spells: 11/11 levels left

rFire  . . .     SeeInvis .     a - +0 battleaxe
rCold  . . .     Faith    .     F - +0 plate armour
rNeg   . . .     Spirit   .     (shield currently unavailable)
rPois  .         Reflect  .     (helmet restricted)
rElec  .                        j - +0 cloak
rCorr  .                        t - +0 pair of gloves
MR     .....                    (no boots)
Stlth  ..........               d - amulet of regeneration
                                (no ring)
                                (no ring)

@: no status effects
A: retaliatory headbutt, horns 2, regeneration 1, strong 1
a: Berserk, Trog's Hand, Brothers in Arms, Burn Spellbooks, Renounce Religion


You were on level 12 of the Dungeon.
You worshipped Trog.
Trog was extremely pleased with you.
You were not hungry.

You visited 1 branch of the dungeon, and saw 12 of its levels.
You also visited: Sewer.

You collected 738 gold pieces.

Inventory:

Hand Weapons
 a - a +0 battleaxe (weapon)
 l - a +0 flail
 E - a +0 shortbow
Missiles
 i - 2034 arrows
Armour
 j - a +0 cloak (worn)
 t - a +0 pair of gloves (worn)
 F - a +0 plate armour (worn)
Jewellery
 d - an amulet of regeneration (around neck)
 B - an uncursed ring of flight
Wands
 r - a wand of lightning (7/15)
 s - a wand of clouds (6/9)
 y - a wand of polymorph (1/18)
Scrolls
 b - 4 scrolls of teleportation
 e - 4 scrolls of enchant weapon
 g - 3 scrolls of enchant armour
 o - 4 scrolls of magic mapping
 q - 4 scrolls of fear
 w - 2 scrolls of recharging
 z - a scroll of fog
Potions
 c - 2 potions of haste
 f - 4 potions of cure mutation
 h - a potion of brilliance
 k - a potion of berserk rage
 m - 4 potions of curing
 n - a potion of ambrosia
 p - a potion of cancellation
 v - 2 potions of agility
 x - 2 potions of flight
 A - a potion of resistance
 C - 3 potions of might


   Skills:
 + Level 11.7 Fighting
 + Level 15.2(15.3) Axes
 + Level 0.5(10.2) Maces & Flails
 + Level 12.4 Armour
 + Level 5.2 Dodging
 + Level 2.0 Stealth
 + Level 0.9 Unarmed Combat


You had 11 spell levels left.
You didn't know any spells.

Dungeon Overview and Level Annotations

Branches:
Dungeon (12/15)            Temple (0/1) D:6             Orc (0/2) D:11
   Lair: D:-1         Crypt: Vaults:-1     Tomb: Vaults:-1

Altars:
Cheibriados
Gozag
Makhleb
Qazlal
Sif Muna
Trog
Xom
Yredelemnul
The Shining One

Shops:
D:4 (   D:5 *   D:8 *   D:12 :

Annotations:
D:3 Natasha
D:12 Frances


Innate Abilities, Weirdness & Mutations

You reflexively headbutt those who attack you in melee.
You have a pair of horns on your head.
Your natural rate of healing is unusually fast.
Your muscles are strong. (Str +2)


Message History

Found 137 stones.
There is an open door here.
Frances chants phrases taken from a devil's mouth.
The shard of ice hits you!
Frances hits you with a +0 halberd (12)!
You slash Frances (10)!
Frances is lightly wounded.
Frances mutters a nigh-unspeakable word.
Frances hits you with a +0 halberd (20)!!
You slash Frances (15)! You headbutt Frances (8)!
Frances is moderately wounded.
Frances whispers indecipherable words.
The iron shot hits you!
* * * LOW HITPOINT WARNING * * *
You slash Frances (8)!
Frances is moderately wounded.
Frances runs a finger over her scar.
Frances chants phrases taken from a devil's mouth.
The iron shot hits you!
You die...

..#.#######.........#
###.# #.........#
....# #.........#
'#### ###.#######
.### #.## ...# #..###
##.# ##...# #.#
#######'### ##.#####
......(@..# .......#
.......@..#
........#..........#
...................#
.......##..........#
###.#### ###+#######
.# ##


You could see Frances.

Vanquished Creatures
  Erolcha (D:11)
  An orc high priest (D:11)
  An unseen horror (D:11)
  An ugly thing (D:12)
  2 cyclopes (D:11)
  An orc sorcerer (D:11)
  A deep elf mage (D:11)
  A hornet (shapeshifter) (D:10)
  A manticore (D:11)
  A centaur zombie (D:11)
  Psyche (D:8)
  A rime drake (D:10)
  A kobold demonologist (D:8)
  A troll (D:11)
  Prince Ribbit (D:5)
  3 blink frogs (D:11)
  A vampire (D:11)
  A shadow (D:11)
  Sigmund (D:5)
  Eustachio (D:4)
  A human (D:11)
  2 wyverns
  A steam dragon (D:8)
  Grum (D:11)
  An angry ghost (D:8)
  Menkaure (D:4)
  2 spiny frog zombies
  Duvessa (D:6)
  2 water moccasins
  3 wasps
  2 black bears (D:8)
  A blink frog zombie (D:9)
  2 ice beasts (D:8)
  8 orc warriors
  A necrophage (D:11)
  3 wolves (D:11)
  13 centaurs
  5 ogres
  A blink frog skeleton (D:9)
  12 big kobolds
  2 wyvern zombies
  Dowan (D:6)
  2 wyvern skeletons
  4 scorpions
  21 killer bees
  5 wights (D:8)
  A howler monkey (D:4)
  3 crimson imps
  A bullfrog zombie (D:5)
  3 jellies
  3 quasits
  5 hounds
  8 orc wizards
  2 orc priests (D:4)
  A gnoll shaman (D:4)
  4 centaur skeletons
  Ijyb (D:3)
  Natasha (D:3)
  5 worker ants (D:5)
  2 hound zombies (D:5)
  A hound skeleton (D:6)
  6 adders
  7 gnolls
  A river rat (Sewer)
  5 shadow imps
  An ooze (D:1)
  3 dart slugs
  4 leopard geckos
  27 orcs
  2 ball pythons
  4 bats
  9 giant cockroaches
  7 goblins
  11 hobgoblins
  9 jackals
  8 kobolds
  2 quokkas
  7 frilled lizards
  2 goblin skeletons (D:4)
  2 goblin zombies (D:4)
  3 hobgoblin zombies (D:4)
  2 kobold skeletons (D:4)
  2 leopard gecko skeletons (D:4)
  2 orc zombies (D:4)
  A quokka skeleton (D:4)
  11 rats
  A fungus (D:11)
  A plant (D:11)
302 creatures vanquished.

Vanquished Creatures (collateral kills)
  Nessos (D:12)
  2 centaurs (D:12)
3 creatures vanquished.

Vanquished Creatures (others)
  A centaur skeleton (D:11)
  An ogre (D:4)
  A wyvern skeleton (D:11)
  A jelly (D:11)
  A gnoll (D:4)
  A leopard gecko (D:4)
  An orc (D:4)
  2 fungi (D:11)
  2 plants (D:11)
11 creatures vanquished.

Grand Total: 316 creatures vanquished

Notes
Turn   | Place    | Note
-------+----------+-------------------------------------------
     0 | D:1      | Faca the Minotaur Berserker began the quest for the Orb.
     0 | D:1      | Reached XP level 1. HP: 19/19 MP: 0/0
   334 | D:1      | Reached XP level 2. HP: 26/27 MP: 1/1
   370 | D:1      | Reached skill level 4 in Axes
   729 | D:1      | Reached XP level 3. HP: 28/33 MP: 2/2
  1462 | D:2      | Reached skill level 5 in Axes
  1464 | D:2      | Reached ** piety under Trog
  1767 | D:2      | Reached XP level 4. HP: 40/40 MP: 3/3
  1956 | D:3      | Noticed Natasha
  2019 | D:3      | Found a snail-covered altar of Cheibriados.
  2409 | D:3      | Noticed Ijyb
  2419 | D:3      | Killed Ijyb
  2419 | D:3      | Reached XP level 5. HP: 44/47 MP: 4/4
  2631 | D:4      | Reached skill level 1 in Stealth
  2636 | D:4      | Killed an ogre
  2668 | D:4      | Reached skill level 6 in Axes
  2673 | D:4      | Reached XP level 6. HP: 20/53 MP: 5/5
  2768 | D:4      | Noticed Eustachio
  2795 | D:3      | Killed Natasha
  2795 | D:3      | Reached skill level 5 in Fighting
  2866 | D:3      | Reached *** piety under Trog
  2885 | D:3      | Noticed Natasha
  2904 | D:4      | Killed Eustachio
  2904 | D:4      | Reached XP level 7. HP: 49/61 MP: 6/6
  2990 | D:4      | Found a burning altar of Makhleb.
  2990 | D:4      | Found a stormy altar of Qazlal.
  3095 | D:4      | Noticed Menkaure
  3109 | D:4      | Killed Menkaure
  3109 | D:4      | Reached skill level 7 in Axes
  3109 | D:4      | Reached skill level 5 in Armour
  3199 | D:4      | Found a glowing golden altar of the Shining One.
  3368 | D:4      | Found Laneohim's Antique Weapon Shop.
  3436 | D:4      | Found a shimmering altar of Xom.
  3635 | D:4      | Found a burning altar of Makhleb.
  4640 | D:5      | Entered Level 5 of the Dungeon
  4647 | D:5      | Reached skill level 8 in Axes
  4681 | D:5      | Noticed Sigmund
  4694 | D:5      | Killed Sigmund
  4694 | D:5      | Reached XP level 8. HP: 70/70 MP: 7/7
  4904 | D:5      | Found Huotiod's General Store.
  4925 | D:5      | Reached **** piety under Trog
  4960 | D:5      | Noticed Prince Ribbit
  4989 | D:5      | Killed Prince Ribbit
  4989 | D:5      | Reached skill level 9 in Axes
  5345 | D:6      | Found a glowing drain.
  5393 | Sewer    | Entered a sewer
  5472 | Sewer    | Found a white marble altar of Elyvilon.
  5619 | D:6      | Noticed Dowan
  5621 | D:6      | Noticed Duvessa
  5628 | D:6      | Killed Duvessa
  5628 | D:6      | Reached skill level 10 in Axes
  5637 | D:6      | Killed Dowan
  5779 | D:6      | Found a basalt altar of Yredelemnul.
  5815 | D:6      | Reached XP level 9. HP: 65/79 MP: 8/8
  5983 | D:6      | Found a staircase to the Ecumenical Temple.
  6601 | D:7      | Found a bloodstained altar of Trog.
  7113 | D:8      | Noticed Psyche
  7121 | D:8      | Killed Psyche
  7121 | D:8      | Reached skill level 11 in Axes
  7149 | D:8      | Found Wisulev's Assorted Antiques.
  7159 | D:8      | Gained mutation: Your natural rate of healing is unusually fast. [potion of mutation]
  7159 | D:8      | Gained mutation: Your muscles are strong. (Str +2) [potion of mutation]
  7243 | D:8      | Noticed a kobold demonologist
  7256 | D:8      | Killed a kobold demonologist
  7267 | D:8      | Reached XP level 10. HP: 90/90 MP: 9/9
  7271 | D:8      | Reached skill level 12 in Axes
  7279 | D:8      | Reached ***** piety under Trog
  7549 | D:8      | Reached skill level 5 in Dodging
  8007 | D:9      | Reached skill level 10 in Armour
  8235 | D:9      | Found a deep blue altar of Sif Muna.
  8300 | D:9      | Found an opulent altar of Gozag.
  8423 | D:10     | Entered Level 10 of the Dungeon
  8503 | D:10     | Paralysed by a wasp for 1 turns
  8723 | D:10     | Reached skill level 13 in Axes
  8824 | D:10     | Paralysed by a wasp for 1 turns
  8904 | D:10     | Noticed a hornet
  8904 | D:10     | a komodo dragon changed into a hornet
  8914 | D:10     | Killed a hornet
  9263 | D:11     | Noticed a deep elf mage
  9269 | D:11     | Killed a deep elf mage
  9269 | D:11     | Reached skill level 10 in Fighting
  9269 | D:11     | Reached XP level 11. HP: 81/99 MP: 10/10
  9356 | D:11     | Noticed a seven-headed hydra
  9373 | D:11     | Noticed Grum
  9497 | D:11     | Noticed an orc high priest
  9625 | D:11     | Noticed a sun demon
  9628 | D:11     | Killed an orc high priest
  9686 | D:11     | Found a staircase to the Orcish Mines.
  9725 | D:11     | Reached skill level 14 in Axes
  9796 | D:11     | Noticed Erolcha
  9806 | D:11     | Killed Erolcha
  9884 | D:11     | Received a gift from Trog
  9886 | D:11     | Got the +4 great sword "Piqepa" {slice, rPois rC+}
  9937 | D:11     | Noticed an orc sorcerer
  9950 | D:11     | Killed an orc sorcerer
 10064 | D:11     | Killed Grum
 10579 | D:11     | Killed an unseen horror
 10653 | D:11     | Reached skill level 15 in Axes
 10971 | D:11     | Reached XP level 12. HP: 110/110 MP: 11/11
 10989 | D:12     | Found Cack's Book Emporium.
 11203 | D:12     | Noticed Nessos
 11213 | D:12     | Killed Nessos
 11352 | D:12     | Noticed Frances
 11357 | D:12     | HP: 2/111 [Frances/iron shot (45)]
 11358 | D:12     | Killed from afar by Frances

Vault maps used:
D:1:      evilmike_arrival_hilbert_curve
D:3:      nicolae_overflow_hidden_temple, uniq_iyjb, uniq_natasha
D:4:      nicolae_tso_besieged_by_evil, gammafunk_temple_overflow_wave,
          xom_confusion_cloud, serial_shops, shop, makhleb_blood_cavern_becter,
          uniq_eustachio, uniq_menkaure
D:5:      serial_shops, shop, first_bread, hangedman_decor_points,
          uniq_prince_ribbit1, uniq_sigmund
D:6:      old_standard_altar, portal_sewer_entry_a, uniq_duvessa
D:7:      bloody_trog
D:8:      special_room, serial_shops,
          nicolae_shop_temple_entry_statues_fountains, uniq_psyche
D:9:      grunt_gozag_statues, led_sif_pool
D:11:     orc_0_dummy, hangedman_stone_soup, uniq_erolcha, uniq_grum
D:12:     serial_shops, nicolae_shop_trees, uniq_nessos, uniq_frances
Sewer:    sewer_kobolds

Skill      XL: |  1  2  3  4  5  6  7  8  9 10 11 |
---------------+----------------------------------+-----
Axes           | 4 5 6 8 10 11 13 15 | 15.2
Fighting       | 4 5 6 7 8 10 11 | 11.7
Armour         | 3 4 5 7 8 10 12 | 12.4
Dodging        | 3 4 5 |  5.2
Stealth        | 1 2 |  2.0
Maces & Flails | |  0.5
Unarmed Combat | |  0.9

Action                   |  1- 3 |  4- 6 |  7- 9 | 10-12 || total
-------------------------+-------+-------+-------+-------++-------
Melee: Hand axe          |    69 |   107 |   360 |   332 ||   868
       Headbutt          |     9 |    18 |    85 |   123 ||   235
       Battleaxe         |       |       |       |   152 ||   152
       Club              |       |       |       |     3 ||     3
       Unarmed           |       |       |       |     3 ||     3
Invok: Burn Spellbooks   |       |       |     2 |     4 ||     6
       Berserk           |       |       |     2 |     1 ||     3
       Brothers in Arms  |       |       |       |     1 ||     1
  Use: Potion            |       |       |     2 |     4 ||     6
       Scroll            |       |       |       |     2 ||     2
 Stab: Sleeping          |     1 |       |       |       ||     1
       Confused          |       |       |       |     1 ||     1
Armor: Animal skin       |     9 |       |       |       ||     9
       Ring mail         |       |    27 |    17 |       ||    44
       Chain mail        |       |       |   105 |    12 ||   117
       Plate armour      |       |       |       |   298 ||   298
Dodge: Dodged            |    47 |    56 |   162 |   245 ||   510
